SKY
CINCINNATI REDS @ INDIANAPOLIS IGNITION
04/06/2052
 
TOP OF THE 1ST
Cincinnati Reds batting - Pitching for Indianapolis Ignition : RHP Archer Knowles
Pitching: RHP Archer Knowles
Batting: LHB Lloyd Crosier 0-0: Swinging Strike
0-1: Foul Ball, location: 3FF
0-2: Ball
1-2: Foul Ball, location: 25FF
1-2: Fly out, F7 (Flyball, 7, EV 78.8 MPH)
Batting: LHB Mike Chappelle 0-0: Ball
1-0: Swinging Strike
1-1: Ball
2-1: Swinging Strike
2-2: Fly out, F7 (Flyball, 7LS, EV 98.8 MPH)
Batting: SHB D.J. Boucher 0-0: Ball
1-0: Called Strike
1-1: Ball
2-1: Ball
3-1: Base on Balls
Batting: LHB Glen Kirkendall 0-0: Ball
1-0: Foul Ball, location: 2F
1-1: Ball
2-1: Foul Ball, location: 2F
2-2: Strikes out looking
Top of the 1st over - 0 runs, 0 hits, 0 errors, 1 left on base; Cincinnati 0 - Indianapolis 0
BOTTOM OF THE 1ST
Indianapolis Ignition batting - Pitching for Cincinnati Reds : RHP Hewett Linville
Pitching: RHP Hewett Linville
Batting: RHB Wendell Dominique 0-0: Called Strike
0-1: Called Strike
0-2: Strikes out looking
Batting: RHB Jason Stafford 0-0: Called Strike
0-1: Ball
1-1: Foul Ball, location: 2F
1-2: SINGLE (Line Drive, 78S, EV 97.5 MPH)
Batting: LHB Ryan Penryn 0-0: Ball
1-0: Ball
2-0: Called Strike
2-1: Called Strike
2-2: Strikes out swinging
Batting: LHB Belero Aguilar 0-0: Ball
1-0: Fielders Choice at 2nd, 5-4 (Groundball, 5, EV 99.4 MPH)
Bottom of the 1st over - 0 runs, 1 hit, 0 errors, 1 left on base; Cincinnati 0 - Indianapolis 0
TOP OF THE 2ND
Cincinnati Reds batting - Pitching for Indianapolis Ignition : RHP Archer Knowles
Batting: RHB Ollie Millner 0-0: Called Strike
0-1: Foul Ball, location: 9LMF
0-2: Strikes out swinging
Batting: LHB Vinicius Ressureio 0-0: Ball
1-0: Ball
2-0: Ball
3-0: Base on Balls
Batting: RHB Pierre Johnson 0-0: Ball
1-0: Ball
2-0: Swinging Strike
2-1: Swinging Strike
2-2: Strikes out swinging
Batting: RHB Ethan Hicks 0-0: Foul Ball, location: 9LMF
0-1: Ball
1-1: Ground out 5-3 (Groundball, 56S, EV 72.5 MPH)
Top of the 2nd over - 0 runs, 0 hits, 0 errors, 1 left on base; Cincinnati 0 - Indianapolis 0
BOTTOM OF THE 2ND
Indianapolis Ignition batting - Pitching for Cincinnati Reds : RHP Hewett Linville
Batting: SHB Benjamin Nang 0-0: Ball
1-0: Foul Ball, location: 23FF
1-1: Foul Ball, location: 2F
1-2: SOLO HOME RUN (Flyball, 89XD, EV 111.3 MPH), Distance : 439 ft
Batting: RHB Quincy Owens 0-0: Fly out, F7 (Line Drive, 78D, EV 94.4 MPH)
Batting: SHB Randy Kennedy 0-0: Called Strike
0-1: Ball
1-1: Ball
2-1: Ground out U3 (Groundball, 34, EV 98.8 MPH)
Batting: RHB Grayson Potts 0-0: Fly out, F8 (Flyball, 89M, EV 88.8 MPH)
Bottom of the 2nd over - 1 run, 1 hit, 0 errors, 0 left on base; Cincinnati 0 - Indianapolis 1
TOP OF THE 3RD
Cincinnati Reds batting - Pitching for Indianapolis Ignition : RHP Archer Knowles
Batting: RHB Coty Cavett 0-0: Ball
1-0: Swinging Strike
1-1: Ball
2-1: Ball
3-1: Fly out, F9 (Flyball, 89M, EV 94.4 MPH)
Batting: LHB Lloyd Crosier 0-0: Called Strike
0-1: Swinging Strike
0-2: Foul Ball, location: 3DF
0-2: Ground out 6-3 (Groundball, 6, EV 100.0 MPH)
Batting: LHB Mike Chappelle 0-0: Called Strike
0-1: Swinging Strike
0-2: Foul Ball, location: 5F
0-2: Ground out U3 (Groundball, 34, EV 106.9 MPH)
Top of the 3rd over - 0 runs, 0 hits, 0 errors, 0 left on base; Cincinnati 0 - Indianapolis 1
BOTTOM OF THE 3RD
Indianapolis Ignition batting - Pitching for Cincinnati Reds : RHP Hewett Linville
Batting: LHB Blake Bustamante 0-0: Ball
1-0: Ball
2-0: Swinging Strike
2-1: Swinging Strike
2-2: Strikes out swinging
Batting: RHB Wendell Dominique 0-0: Foul Ball, location: 5FF
0-1: Ball
1-1: Fly out, F7 (Flyball, 7LMF, EV 76.3 MPH)
Batting: RHB Jason Stafford 0-0: Ball
1-0: Ball
2-0: Called Strike
2-1: Swinging Strike
2-2: Foul Ball, location: 2F
2-2: Foul Ball, location: 2F
2-2: Ground out 5-3 (Groundball, 56, EV 84.4 MPH)
Bottom of the 3rd over - 0 runs, 0 hits, 0 errors, 0 left on base; Cincinnati 0 - Indianapolis 1
TOP OF THE 4TH
Cincinnati Reds batting - Pitching for Indianapolis Ignition : RHP Archer Knowles
Batting: SHB D.J. Boucher 0-0: SINGLE (Flyball, 9LS, EV 89.4 MPH)
Pitching: LHP Neal Frizell
Batting: LHB Glen Kirkendall 0-0: Foul Ball, location: 23FF
0-1: Swinging Strike
0-2: Ball
1-2: Strikes out swinging
Batting: RHB Ollie Millner 0-0: Swinging Strike
0-1: Ball
1-1: Foul Ball, location: 7LDF
1-2: Strikes out swinging
Batting: LHB Vinicius Ressureio 0-0: Ball
1-0: Ball
2-0: Called Strike
2-1: Swinging Strike
2-2: Strikes out swinging
Top of the 4th over - 0 runs, 1 hit, 0 errors, 1 left on base; Cincinnati 0 - Indianapolis 1
BOTTOM OF THE 4TH
Indianapolis Ignition batting - Pitching for Cincinnati Reds : RHP Hewett Linville
Batting: LHB Ryan Penryn 0-0: Called Strike
0-1: Ball
1-1: Ball
2-1: Foul Ball, location: 3SF
2-2: Ball
3-2: TRIPLE (Line Drive, 9LD, EV 103.1 MPH)
Batting: LHB Belero Aguilar 0-0: Ball
1-0: Called Strike
1-1: Foul Ball, location: 7LDF
1-2: Strikes out swinging
Batting: SHB Benjamin Nang 0-0: 2-RUN HOME RUN (Flyball, 78XD, EV 110.6 MPH), Distance : 445 ft
Batting: RHB Quincy Owens 0-0: Ball
1-0: Ball
2-0: Called Strike
2-1: Foul Ball, location: 2F
2-2: Ball
3-2: SOLO HOME RUN (Flyball, 8LXD, EV 112.5 MPH), Distance : 455 ft
Batting: SHB Randy Kennedy 0-0: Ball
1-0: Swinging Strike
1-1: Fly out, F7 (Flyball, 7D, EV 88.1 MPH)
Batting: RHB Grayson Potts 0-0: Foul Ball, location: 2F
0-1: Called Strike
0-2: Ball
1-2: Ball
2-2: Fly out, F4 (Popup, 23, EV 93.1 MPH)
Bottom of the 4th over - 3 runs, 3 hits, 0 errors, 0 left on base; Cincinnati 0 - Indianapolis 4
TOP OF THE 5TH
Cincinnati Reds batting - Pitching for Indianapolis Ignition : LHP Neal Frizell
Batting: RHB Pierre Johnson 0-0: DOUBLE (Flyball, 8LXD, EV 110.0 MPH)
Pinch Runner at 2nd Ben Howell:
Batting: RHB Ethan Hicks 0-0: Ball
1-0: Called Strike
1-1: Ball
2-1: Foul Ball, location: 2F
2-2: Strikes out swinging
Batting: RHB Coty Cavett 0-0: Foul Ball, location: 2F
0-1: Ball
1-1: Foul Ball, location: 9LSF
1-2: Foul Ball, location: 2F
1-2: Strikes out swinging
Batting: LHB Lloyd Crosier 0-0: Ball
Wild Pitch!
Ben Howell to third
1-0: Swinging Strike
1-1: SINGLE (Groundball, 34D, EV 102.5 MPH) (infield hit)
Ben Howell scores
Batting: LHB Mike Chappelle 0-0: Ball
1-0: Called Strike
1-1: Fielders Choice at 2nd, 4-6 (Groundball, 4MD, EV 94.4 MPH)
Top of the 5th over - 1 run, 2 hits, 0 errors, 1 left on base; Cincinnati 1 - Indianapolis 4
BOTTOM OF THE 5TH
Indianapolis Ignition batting - Pitching for Cincinnati Reds : RHP Hewett Linville
Now at 3B: Ben Howell
Batting: LHB Blake Bustamante 0-0: Ball
1-0: Swinging Strike
1-1: Ball
2-1: SINGLE (Groundball, 6M, EV 105.0 MPH)
Batting: RHB Wendell Dominique 0-0: Swinging Strike
0-1: Called Strike
0-2: Ball
1-2: Strikes out swinging
Batting: RHB Jason Stafford 0-0: Ball
1-0: Fly out, F9 (Line Drive, 89S, EV 96.9 MPH)
Batting: LHB Ryan Penryn 0-0: Called Strike
0-1: Ball
1-1: Swinging Strike
1-2: Strikes out looking
Bottom of the 5th over - 0 runs, 1 hit, 0 errors, 1 left on base; Cincinnati 1 - Indianapolis 4
TOP OF THE 6TH
Cincinnati Reds batting - Pitching for Indianapolis Ignition : LHP Neal Frizell
Batting: SHB D.J. Boucher 0-0: Ball
1-0: Ball
2-0: Foul Ball, location: 2F
2-1: Called Strike
2-2: Strikes out swinging
Pitching: RHP Dean Coffey
Batting: LHB Glen Kirkendall 0-0: Fly out, F6 (Popup, 6MD, EV 48.1 MPH)
Batting: RHB Ollie Millner 0-0: Ball
1-0: Ground out 4-3 (Groundball, 4, EV 80.0 MPH)
Top of the 6th over - 0 runs, 0 hits, 0 errors, 0 left on base; Cincinnati 1 - Indianapolis 4
BOTTOM OF THE 6TH
Indianapolis Ignition batting - Pitching for Cincinnati Reds : RHP Hewett Linville
Batting: LHB Belero Aguilar 0-0: Ball
1-0: Foul Ball, location: 3F
1-1: Ball
2-1: SOLO HOME RUN (Flyball, 9D, EV 91.9 MPH), Distance : 362 ft
Pitching: RHP Leo Wingard
Batting: SHB Benjamin Nang 0-0: Ball
1-0: DOUBLE (Line Drive, 9LS, EV 106.9 MPH)
Batting: RHB Quincy Owens 0-0: Single, Error in OF, E7, batter to second base (Line Drive, 7LM, EV 106.9 MPH)
Benjamin Nang scores
Batting: SHB Randy Kennedy 0-0: Ball
Wild Pitch!
Quincy Owens to third
1-0: Ball
2-0: Ball
3-0: Fly out, F7 (Flyball, 7, EV 93.8 MPH)
Runner from 3rd tags up, SCORES, throw by LF
Batting: RHB Grayson Potts 0-0: Called Strike
0-1: Foul Ball, location: 2F
0-2: Ball
1-2: Foul Ball, location: 2F
1-2: Ball
2-2: SINGLE (Flyball, 8LS, EV 90.6 MPH)
Batting: LHB Blake Bustamante 0-0: Foul Ball, location: 2F
0-1: Grounds out, U3 (Groundball, 3L, EV 88.8 MPH)
Batting: RHB Wendell Dominique 0-0: Called Strike
0-1: Ball
1-1: Foul Ball, location: 3SF
1-2: Strikes out swinging
Bottom of the 6th over - 3 runs, 4 hits, 1 error, 1 left on base; Cincinnati 1 - Indianapolis 7
TOP OF THE 7TH
Cincinnati Reds batting - Pitching for Indianapolis Ignition : RHP Dean Coffey
Batting: LHB Vinicius Ressureio 0-0: Fly out, F4 (Popup, 4, EV 51.3 MPH)
Batting: RHB Ben Howell 0-0: Called Strike
0-1: SINGLE (Groundball, 56D, EV 101.9 MPH)
Batting: RHB Ethan Hicks 0-0: Fielders Choice at 2nd, 6-4 (Groundball, 6, EV 78.8 MPH)
Batting: RHB Coty Cavett 0-0: SINGLE (Line Drive, 6M, EV 100.0 MPH)
Ethan Hicks to second
Runner from 2nd tries for 3rd, SAFE, no throw by CF
Batting: LHB Lloyd Crosier 0-0: Called Strike
0-1: SINGLE (Groundball, 4MD, EV 103.1 MPH)
Ethan Hicks scores
Coty Cavett to second
Batting: LHB Mike Chappelle 0-0: SINGLE (Groundball, 3D, EV 110.0 MPH)
Coty Cavett to third
Lloyd Crosier to second
Runner from 3rd tries for Home, SAFE, throw by RF to home
Batting: SHB D.J. Boucher 0-0: Ball
1-0: Ball
Passed Ball!
Lloyd Crosier to third
Mike Chappelle to second
2-0: Ball
3-0: Called Strike
3-1: Fly out, F9 (Line Drive, 9S, EV 92.5 MPH)
Top of the 7th over - 2 runs, 4 hits, 0 errors, 2 left on base; Cincinnati 3 - Indianapolis 7
BOTTOM OF THE 7TH
Indianapolis Ignition batting - Pitching for Cincinnati Reds : RHP Leo Wingard
Batting: RHB Jason Stafford 0-0: Foul Ball, location: 9LMF
0-1: Foul Ball, location: 9LSF
0-2: Ball
1-2: Foul Ball, location: 2F
1-2: DOUBLE (Line Drive, 78D, EV 108.8 MPH)
Batting: LHB Ryan Penryn 0-0: Swinging Strike
0-1: Ball
1-1: Ball
2-1: Ball
3-1: Foul Ball, location: 2F
3-2: SINGLE (Line Drive, 4MD, EV 108.8 MPH)
Jason Stafford to third
Runner from 3rd tries for Home, SAFE, throw by CF to home
Ryan Penryn to second
Pitching: RHP Elvin Alvira
Batting: LHB Belero Aguilar 0-0: Ball
1-0: Called Strike
1-1: Called Strike
1-2: Ball
2-2: Foul Ball, location: 2RF
2-2: Ground out 6-3 (Groundball, 4MD, EV 96.9 MPH)
Batting: SHB Benjamin Nang 0-0: Ball
1-0: Called Strike
1-1: SINGLE (Line Drive, 7S, EV 93.8 MPH)
Ryan Penryn to third
Batting: RHB Quincy Owens 0-0: Ball
1-0: Ball
2-0: Swinging Strike
2-1: Swinging Strike
2-2: Fly out, F9 (Line Drive, 9, EV 96.9 MPH)
Runner from 3rd tags up, OUT at HOME! 9-2
Bottom of the 7th over - 1 run, 3 hits, 0 errors, 1 left on base; Cincinnati 3 - Indianapolis 8
TOP OF THE 8TH
Cincinnati Reds batting - Pitching for Indianapolis Ignition : RHP Dean Coffey
Batting: LHB Glen Kirkendall 0-0: Called Strike
0-1: Foul Ball, location: 23F
0-2: SOLO HOME RUN (Flyball, 89XD, EV 97.5 MPH), Distance : 411 ft
Pitching: RHP Brian Riley
Batting: RHB Ollie Millner 0-0: Ball
1-0: Swinging Strike
1-1: Called Strike
1-2: Foul Ball, location: 2F
1-2: Strikes out swinging
Batting: LHB Vinicius Ressureio 0-0: Foul Ball, location: 7LDF
0-1: Ground out 5-3 (Groundball, 56, EV 108.8 MPH)
Batting: RHB Ben Howell 0-0: Ball
1-0: Ball
2-0: Called Strike
2-1: Swinging Strike
2-2: Foul Ball, location: 2F
2-2: Foul Ball, location: 2F
2-2: Ball
3-2: Fly out, F6 (Line Drive, 6, EV 73.8 MPH)
Top of the 8th over - 1 run, 1 hit, 0 errors, 0 left on base; Cincinnati 4 - Indianapolis 8
BOTTOM OF THE 8TH
Indianapolis Ignition batting - Pitching for Cincinnati Reds : RHP Elvin Alvira
Batting: SHB Randy Kennedy 0-0: Ball
1-0: SINGLE (Flyball, 8RS, EV 94.4 MPH)
Batting: RHB Grayson Potts 0-0: Called Strike
0-1: Swinging Strike
Pickoff Throw to First - Out! 1-3
0-2: Strikes out looking
Batting: LHB Blake Bustamante 0-0: Ball
1-0: Swinging Strike
1-1: Fly out, F8 (Line Drive, 8LM, EV 95.6 MPH)
Bottom of the 8th over - 0 runs, 1 hit, 0 errors, 0 left on base; Cincinnati 4 - Indianapolis 8
TOP OF THE 9TH
Cincinnati Reds batting - Pitching for Indianapolis Ignition : RHP Brian Riley
Batting: RHB Ethan Hicks 0-0: Fly out, F8 (Flyball, 8RD, EV 92.5 MPH)
Batting: RHB Coty Cavett 0-0: Foul Ball, location: 5FF
0-1: Ball
1-1: DOUBLE (Groundball, 5L, EV 99.4 MPH)
Batting: LHB Lloyd Crosier 0-0: Ball
1-0: SINGLE (Groundball, 4MS, EV 68.1 MPH) (infield hit)
Coty Cavett to third
Pitching: RHP Jason Hartman
Batting: LHB Mike Chappelle 0-0: Ball
1-0: Ground out 4-3 (Groundball, 34S, EV 79.4 MPH)
Coty Cavett scores
Lloyd Crosier to second
Batting: SHB D.J. Boucher 0-0: Ball
1-0: Foul Ball, location: 25F
1-1: Ball
2-1: 2-RUN HOME RUN (Flyball, 9D, EV 94.4 MPH), Distance : 359 ft
Batting: LHB Glen Kirkendall 0-0: Ball
1-0: Called Strike
1-1: Fly out, F9 (Flyball, 89S, EV 91.3 MPH)
Top of the 9th over - 3 runs, 3 hits, 0 errors, 0 left on base; Cincinnati 7 - Indianapolis 8
Monday, April 15th , 2024 - OOTP Baseball 24.11 Build 85